Map: Frozen Temple

Players

capac

  • Race: Terran Terran
  • League: Gold

Repa - Winner!

  • Race: Zerg Zerg
  • League: Gold

VOD

Have the link to the VOD?

Description

Time

  • Played on: May 5, 2016, 3:02 p.m.
  • Length: 16:53
Show
View Real Time Build Order
Export as new Build Order

capac Terran 

Build Orders: Reaper Expand, MMM Bio 

Get SALT Encoding   

  12  0:00  SCV  
  13  0:13  SCV  
  14  0:18  Supply Depot  
  14  0:25  SCV  
  15  0:40  SCV  
  15  0:41  Barracks  
  16  0:45  Refinery  
  16  0:52  SCV  
  17  1:04  SCV  
  18  1:16  SCV  
  19  1:28  Orbital Command  
  19  1:29  Reaper  
  20  1:42  Command Center  
  20  1:52  Supply Depot  
  20  1:53  SCV  
  21  2:03  Marine  
  21  2:06  SCV  
  23  2:09  Factory  
  23  2:14  Refinery  
  23  2:18  SCV  
  24  2:27  Barracks Reactor  
  24  2:37  Barracks  
  24  2:39  SCV  
  25  2:53  SCV  
  25  2:54  Orbital Command  
  26  2:58  Factory Tech Lab  
  26  3:05  Marine  
  26  3:06  Starport, Marine  
  26  3:07  SCV  
  29  3:19  SCV  
  30  3:23  Marine  
  30  3:24  Marine, Siege Tank  
  35  3:35  Barracks Tech Lab  
  35  3:39  SCV  
  35  3:45  Medivac  
  37  3:51  Barracks  
  37  3:53  Marine x2  
  39  3:57  SCV x2  
  41  4:09  SCV x2  
  43  4:11  Marine  
  43  4:13  Marine x2  
  45  4:21  SCV x2  
  45  4:30  Bunker  
  45  4:32  Marine  
  45  4:34  Starport Reactor  
  46  4:40  Barracks Reactor  
  46  4:43  Engineering Bay  
  46  4:58  Stimpack  
  46  5:08  Barracks  
  46  5:12  Supply Depot  
  46  5:18  Marine x3, Siege Tank, SCV x2  
  54  5:27  Medivac x2  
  58  5:29  Marine  
  58  5:30  Marine, SCV x2  
  62  5:37  Refinery  
  62  5:40  Marine  
  62  5:42  Marine, SCV  
  63  5:43  SCV  
  63  5:44  Marine  
  67  5:54  Supply Depot  
  67  6:06  Marine x2  
  67  6:07  Marine  
  67  6:11  Barracks Tech Lab  
  70  6:13  Terran Infantry Weapons Level 1  
  70  6:16  Marauder, Marine, Missile Turret  
  73  6:20  Missile Turret  
  73  6:25  SCV  
  73  6:26  Marine x3, SCV  
  78  6:49  Supply Depot  
  78  6:53  Liberator x2  
  78  6:54  Supply Depot  
  78  7:00  Combat Shields  
  78  7:02  Concussive Shells  
  78  7:05  Marine  
  78  7:10  Marauder  
  86  7:16  Marauder, SCV x2  
  86  7:18  Supply Depot  
  87  7:42  Liberator x2  
  71  7:51  Marine  
  71  7:52  Marine x3  
  71  7:53  Marauder x2  
  79  7:58  Missile Turret  
  79  8:00  Missile Turret  
  79  8:02  SCV x2  
  87  8:08  Command Center  
  87  8:09  Marine x2  
  87  8:10  Marine x2  
  91  8:13  Barracks  
  91  8:18  Marauder  
  91  8:19  Marauder  
  95  8:24  Terran Infantry Armor Level 1  
  95  8:27  Marine x3  
  95  8:32  Refinery  
  98  8:40  Marauder x2  
  102  8:48  Supply Depot, Missile Turret  
  102  8:51  Supply Depot  
  102  8:57  SCV x2, Medivac x2  
  108  9:14  Starport, Barracks, Barracks Reactor  
  108  9:25  Marine  
  108  9:26  Marine x2  
  108  9:27  Marine  
  108  9:28  Marauder  
  114  9:42  Missile Turret  
  114  9:44  SCV x2  
  116  9:48  Marauder  
  116  9:50  Medivac  
  116  9:51  Medivac  
  122  9:54  Starport Reactor  
  122  10:03  Supply Depot  
  122  10:05  Supply Depot  
  122  10:08  Barracks Reactor  
  122  10:13  Barracks  
  119  10:20  Liberator x4  
  123  11:25  Missile Turret  
  123  11:27  Missile Turret  
  123  11:28  Orbital Command, Missile Turret  
  123  11:44  Marine x5  
  123  11:45  Supply Depot, Marine x2  
  123  11:46  Marauder x2, Marine  
  135  11:52  Liberator x2  
  135  11:57  SCV x3  
  144  12:18  SCV x3  
  147  12:41  Marauder x2, Marine  
  147  12:42  Marine x5  
  91  13:09  Marine  
  91  13:10  Marine x5  
  91  13:11  Marauder, Marine  
  89  13:15  Orbital Command  
  77  13:34  Armory  
  77  13:35  Engineering Bay  
  77  14:03  Marine x5  
  82  14:13  SCV  
  82  14:14  SCV  
  84  14:28  Marine x6  
  84  14:30  Marine  
  84  14:31  Marine  
  91  14:37  SCV x3  
  95  14:56  SCV x3  
  98  15:01  Marine  
  98  15:02  Marine  
  98  15:04  Marauder x2  
  104  15:25  Marauder  
  104  15:26  Marauder  
  47  15:59  Marine  
  47  16:00  Marine x9  
  50  16:17  Marine  
  50  16:18  Marine x2  
  42  16:19  Marauder  
Show
View Real Time Build Order
Export as new Build Order

Repa Zerg - Winner!

Build Orders: Hatch First, Muta Ling Bane 

Get SALT Encoding   

  12  0:01  Drone  
  13  0:09  Drone  
  14  0:17  Overlord  
  14  0:24  Extractor, Drone  
  15  0:35  Drone  
  15  0:36  Drone  
  17  0:45  Drone  
  18  0:55  Drone  
  19  1:03  Hatchery  
  18  1:06  Drone  
  19  1:14  Extractor  
  19  1:17  Drone  
  19  1:23  Spawning Pool  
  18  1:28  Drone  
  19  1:38  Overlord  
  19  1:49  Drone  
  20  1:59  Drone  
  21  2:11  Zergling x2  
  21  2:12  Queen  
  21  2:14  Queen  
  26  2:16  Drone  
  26  2:17  Metabolic Boost  
  27  2:27  Drone x2  
  29  2:33  Zergling x2  
  30  2:39  Drone  
  31  2:45  Drone  
  32  2:52  Drone  
  32  2:56  Overlord  
  33  3:01  Drone  
  33  3:03  Hatchery  
  33  3:07  Drone  
  34  3:18  Drone x2  
  36  3:24  Drone  
  37  3:27  Lair  
  37  3:31  Extractor  
  37  3:32  Drone x5  
  37  3:33  Evolution Chamber, Drone  
  41  3:37  Overlord  
  41  3:43  Overlord  
  41  3:45  Drone  
  42  3:54  Drone  
  43  4:05  Drone x6  
  49  4:13  Drone  
  49  4:14  Drone  
  51  4:17  Drone x2  
  51  4:20  Queen  
  53  4:25  Overlord  
  53  4:33  Spore Crawler  
  53  4:35  Spore Crawler  
  53  4:38  Extractor x2  
  49  4:43  Spire  
  49  4:45  Zerg Missile Weapons Level 1  
  48  4:50  Queen, Drone x3  
  48  4:51  Evolution Chamber  
  52  4:58  Drone x2  
  52  4:59  Overlord x2, Drone x2  
  56  5:06  Infestation Pit  
  55  5:09  Drone x4  
  59  5:19  Zergling x10  
  64  5:27  Pneumatized Carapace  
  65  5:28  Drone x3  
  65  5:29  Drone  
  65  5:33  Zerg Ground Armor Level 1  
  68  5:40  Baneling Nest  
  67  5:46  Overlord, Drone x5  
  72  5:56  Zerg Flyer Weapons Level 1  
  72  6:03  Mutalisk  
  72  6:04  Mutalisk x3  
  70  6:10  Extractor, Drone  
  70  6:11  Drone x4  
  81  6:15  Extractor  
  81  6:18  Spore Crawler  
  80  6:20  Overlord  
  80  6:22  Mutalisk  
  80  6:23  Mutalisk  
  84  6:33  Drone x4  
  84  6:34  Overlord  
  88  6:46  Drone  
  89  6:47  Mutalisk x2  
  89  6:48  Mutalisk  
  95  7:01  Mutalisk x2  
  98  7:10  Mutalisk  
  100  7:21  Hive  
  95  7:40  Zergling x22  
  106  7:49  Mutalisk  
  106  7:55  Infestation Pit  
  105  8:00  Overlord x4  
  105  8:13  Overlord  
  105  8:14  Overlord x2  
  105  8:15  Overlord  
  105  8:32  Hatchery  
  104  8:35  Spine Crawler  
  104  8:37  Queen  
  105  8:43  Baneling x4  
  105  8:44  Baneling x5  
  105  8:45  Centrifical Hooks  
  105  8:46  Zerg Flyer Weapons Level 2  
  105  8:48  Mutalisk x5  
  105  8:49  Mutalisk  
  117  8:56  Overlord x4  
  117  9:02  Ultralisk Cavern  
  116  9:08  Corruptor  
  118  9:21  Mutalisk x2  
  122  9:29  Zergling x8  
  122  9:30  Zergling x10  
  131  9:51  Corruptor x3  
  131  9:52  Corruptor x2  
  141  9:56  Overlord, Drone x4  
  129  10:33  Drone x9  
  129  10:34  Drone x6  
  144  10:40  Chitinous Plating  
  144  10:41  Zerg Ground Armor Level 2  
  142  10:43  Adrenal Glands, Zerg Melee Weapons Level 1  
  142  11:08  Drone x3  
  145  11:15  Extractor  
  145  11:16  Extractor  
  145  11:17  Overseer  
  143  11:23  Greater Spire  
  143  11:29  Ultralisk x3  
  161  11:36  Zergling x8  
  161  11:37  Zergling x14  
  172  12:08  Viper x3  
  181  12:19  Zergling x18  
  181  12:20  Hatchery  
  189  12:36  Spine Crawler  
  188  12:37  Spine Crawler  
  188  12:40  Spine Crawler  
  122  13:08  Ultralisk  
  122  13:09  Ultralisk x4  
  132  13:29  Ultralisk x2  
  140  13:45  Drone x7  
  147  13:56  Overlord x2  
  147  13:58  Overseer  
  147  14:10  Extractor  
  147  14:12  Ultralisk x3  
  147  14:13  Ultralisk  
  170  14:21  Extractor  
  170  14:22  Corruptor x3  
  175  14:46  Zergling x2  
  175  14:47  Zergling x22  
  187  14:59  Corruptor x2  
  187  15:00  Corruptor x4  
Tags
 
Add a new tag
Caveats
  • Supply blocks, unpowered buildings, or Contaminate may cause inaccurate times.
  • Supply counts are checked every 10 seconds.